 Dungeon Crawl Stone Soup version 0.26.0-10-g1f06aea511 (webtiles) character file.

Game seed: 13267189056502328222

25 funkygono the Chiller (level 2, -1/28 HPs)
             Began as a Demonspawn Ice Elementalist on Jan 24, 2021.
             Killed from afar by Sigmund (11 damage)
             ... with a magic dart
             ... on level 2 of the Dungeon.
             The game lasted 00:02:58 (1239 turns).

funkygono the Chiller (Demonspawn Ice Elementalist) Turns: 1239, Time: 00:02:59

Health: -1/28      AC: 21    Str:  8    XL:     2   Next: 86%
Magic:  0/5        EV:  2    Int: 16    God:
Gold:   30         SH:  0    Dex: 13    Spells: 5/6 levels left

rFire    . . .     SeeInvis .   c - +0 dagger
rCold    . . .     Faith    +   (no shield)
rNeg     + + +     Spirit   .   (armour currently unavailable)
rPois    +         Reflect  .   (helmet currently unavailable)
rElec    .         Harm     .   (cloak currently unavailable)
rCorr    .         Rampage  .   (gloves currently unavailable)
Will     .....     NoTele   +   (boots currently unavailable)
Stlth    +.........             f - amulet of faith
HPRegen  0.09/turn              (no ring)
MPRegen  0.09/turn              (no ring)

@: confused, mighty, tree-form
A: no striking features
a: no special abilities


You were on level 2 of the Dungeon.
You were a tree.
You visited 1 branch of the dungeon, and saw 2 of its levels.

You collected 30 gold pieces.

Inventory:

Hand Weapons
 c - a +0 dagger (weapon)
Armour
 a - a +1 robe (melded)
 e - a +0 pair of boots (melded)
Jewellery
 f - an amulet of faith (around neck)
Potions
 g - a potion of attraction {unknown}
 h - a potion of brilliance {unknown}
 i - a potion of heal wounds {unknown}


   Skills:
 + Level 1.8 Dodging
 + Level 1.8 Stealth
 * Level 2.5 Spellcasting
 * Level 4.1 Ice Magic


You had 5 spell levels left.
You knew the following spells:

 Your Spells              Type           Power        Failure   Level
a - Freeze                Ice            60%          3%          1

Your spell library contained the following spells:

 Spells                   Type           Power        Failure   Level
 Frozen Ramparts          Ice            30%          11%         3
 Ozocubu's Armour         Ice            15%          11%         3
 Hailstorm                Conj/Ice       8%           63%         4
 Summon Ice Beast         Ice/Summ       8%           63%         4


Dungeon Overview and Level Annotations

Branches:
Dungeon (2/15)

Altars:

Annotations:
D:2 Sigmund


Innate Abilities, Weirdness & Mutations

((Your movements are slightly less encumbered by armour. (ER -2)))


Message History

You hear some strange, mumbled words.
You are more confused.
You cannot move. (Use ctrl+direction or * direction to attack without moving.)
You cannot move. (Use ctrl+direction or * direction to attack without moving.)
You cannot move. (Use ctrl+direction or * direction to attack without moving.)
You cannot move. (Use ctrl+direction or * direction to attack without moving.)
You cannot move. (Use ctrl+direction or * direction to attack without moving.)
You cannot move. (Use ctrl+direction or * direction to attack without moving.)
You cannot move. (Use ctrl+direction or * direction to attack without moving.)
You cannot move. (Use ctrl+direction or * direction to attack without moving.)
You cannot move. (Use ctrl+direction or * direction to attack without moving.)
You cannot move. (Use ctrl+direction or * direction to attack without moving.)
You cannot move. (Use ctrl+direction or * direction to attack without moving.)
You cannot move. (Use ctrl+direction or * direction to attack without moving.)
You cannot move. (Use ctrl+direction or * direction to attack without moving.)
You barely miss something.
You hear some strange, mumbled words.
A magic dart appears from out of thin air!
The magic dart hits you!
You die...

#.....######.##
##..#..##
+..(...........
##...##
#.....#....#.##
##.##
#.....#..$.#>#
###
#.)...#......#
#.....#......#
#.....#......#
#.....#......#
#.....#..♣...#
#####.#..{...#
.+......#
.#.....##
#......
####..#. ..#.#
..# #


There were no monsters in sight!

Vanquished Creatures
  A leopard gecko (D:1)
  A giant cockroach (D:1)
  2 goblins (D:1)
  6 hobgoblins (D:1)
  3 bats (D:1)
  4 frilled lizards
  4 kobolds (D:1)
  4 rats (D:1)
25 creatures vanquished.

Notes
Turn   | Place    | Note
-------+----------+-------------------------------------------
     0 | D:1      | funkygono the Demonspawn Ice Elementalist began the quest
                  | for the Orb.
     0 | D:1      | Reached XP level 1. HP: 13/13 MP: 3/3
   248 | D:1      | Gained mutation: Your movements are slightly less
                  | encumbered by armour. (ER -2) [demonic ancestry]
   248 | D:1      | Reached XP level 2. HP: 19/19 MP: 1/5
   475 | D:1      | Reached skill level 4 in Ice Magic
  1201 | D:2      | Noticed Sigmund
  1239 | D:2      | Killed from afar by Sigmund

Illustrated notes

Levels and vault maps discovered:
D:1:      psy_arrival_basics, layout_loops_ring
D:2:      minmay_alternating_diamond, layout_basic,
          lemuel_coloured_pillars_altar, uniq_natasha, uniq_terence,
          uniq_sigmund

Skill      XL: |  1  2 |
---------------+-------+-----
Ice Magic      | 4 |  4.1
Dodging        | |  1.8
Stealth        | |  1.8
Spellcasting   | |  2.5

Action                   || total
-------------------------++-------
Melee: Dagger            ||    29
       Unarmed           ||     1
 Cast: Freeze            ||    40
  Use: Scroll            ||     3
       Potion            ||     2
Armor: Robe              ||     6
       Skin              ||    11
Dodge: Dodged            ||    24
